[Event "Titled Tuesday Blitz July 18 Early 2023"]
[White "ExchangeAB"]
[Black "Floresvillar Gonzalez, Luis Migu"]
[BlackFideId "5100542"]
[WhiteElo "2308"]
[BlackElo "2083"]
[Result "1-0"]
[Round "8"]
[TimeControl "180+2"]
[Date "2023.07.18"]
[WhiteClock "0:00:13"]
[BlackClock "0:00:00"]
[Board "162"]

1. d4 Nf6 2. Nc3 d5 3. Bf4 c6 4. e3 Bf5 5. f3 h5 6. Bd3 Bxd3 7. Qxd3 e6 8. e4 dxe4 9. fxe4 Nbd7 10. Nf3 Be7 11. O-O-O Qa5 12. Kb1 O-O-O 13. Ng5 Rhf8 14. h4 e5 15. Bd2 exd4 16. Nd5 Qc5 17. Bb4 cxd5 18. Bxc5 Nxc5 19. Qxd4 Ncxe4 20. Nxe4 Nxe4 21. Rhf1 f6 22. Qxa7 Bc5 23. Qa8+ Kc7 24. Qa5+ b6 25. Qb5 Rd7 26. c4 d4 27. Rfe1 Nd6 28. Qb3 Rfd8 29. Qf3 Nxc4 30. Qxh5 Ne3 31. Rc1 Nxg2 32. Rg1 Ne3 33. Rxc5+ bxc5 34. Qxc5+ Kb7 35. Qb5+ Ka7 36. Rc1 Nd5 37. Rc6 Nc7 38. Qb6+ Ka8 39. Rc5 1-0


[Site "https://www.chess.com"]

[Event "Titled Tuesday Blitz July 18 Early 2023"]
[White "Skiadopoulos, Nikolaos"]
[Black "Ziatdinov, Raset"]
[WhiteFideId "4200772"]
[BlackFideId "2015323"]
[WhiteElo "1914"]
[BlackElo "2304"]
[Result "1-0"]
[Round "8"]
[TimeControl "180+2"]
[Date "2023.07.18"]
[WhiteClock "0:01:12"]
[BlackClock "0:00:00"]
[Board "163"]

1. e4 e6 2. d4 d5 3. e5 c5 4. c3 Nc6 5. Nf3 Bd7 6. dxc5 Bxc5 7. b4 Bb6 8. b5 Na5 9. Bd3 Rc8 10. O-O Ne7 11. a4 h6 12. Ra2 Nc4 13. Nbd2 Qc7 14. Bxc4 dxc4 15. Ne4 O-O 16. Nd6 Rcd8 17. Qe2 Nf5 18. Nxc4 Bc5 19. Ba3 b6 20. Bxc5 Qxc5 21. Rd1 Bc8 22. Rad2 Rxd2 23. Rxd2 Bb7 24. Nd6 Bd5 25. Nxf5 exf5 26. Nd4 Qxc3 27. Nxf5 Be6 28. Ne7+ Kh8 29. Nc6 Qa1+ 30. Rd1 Qxa4 31. h3 Bc4 32. Qf3 Bxb5 33. Ne7 Bd7 34. Ng6+ Kg8 35. Nxf8 Be6 36. Nxe6 fxe6 37. Rd8+ Kh7 38. Qd3+ g6 39. Qd7+ 1-0


[Site "https://www.chess.com"]

[Event "Titled Tuesday Blitz July 18 Early 2023"]
[White "ogpin"]
[Black "Ionescu, Mihai"]
[BlackFideId "1202499"]
[WhiteElo "2077"]
[BlackElo "2506"]
[Result "0-1"]
[Round "8"]
[TimeControl "180+2"]
[Date "2023.07.18"]
[WhiteClock "0:00:08"]
[BlackClock "0:00:14"]
[Board "164"]

1. e4 c5 2. d4 cxd4 3. c3 dxc3 4. Nxc3 e6 5. Nf3 g6 6. Bc4 d6 7. Bf4 Be7 8. O-O Nf6 9. Qe2 O-O 10. Rfd1 Nfd7 11. Bxd6 Bxd6 12. Rxd6 a6 13. Rad1 Qc7 14. Ng5 Ne5 15. Bb3 h6 16. Nf3 Nxf3+ 17. Qxf3 b5 18. Qf6 Nd7 19. Qe7 b4 20. Rxd7 Bxd7 21. Rxd7 Qe5 22. Nd5 Qxb2 23. Nf6+ Kg7 24. e5 Qxe5 25. Qxb4 Qxf6 26. h4 Rfd8 27. Rb7 Rac8 28. g3 Rc1+ 29. Kg2 Rc6 30. Qe4 Rcd6 31. Ra7 R8d7 32. Rxd7 Rxd7 33. Ba4 Rd4 34. Qc2 Qe5 35. Kh2 h5 36. Bb3 Qf5 37. Qe2 Re4 38. Qd3 Re5 39. Qxf5 Rxf5 40. Kg2 Rc5 41. Ba4 Kf6 42. Bb3 Ke5 43. Kf3 Rc3+ 44. Ke2 Kd4 45. Kd2 Rf3 46. Ke2 Rxb3 47. axb3 Kc3 48. Ke3 Kxb3 49. Ke4 a5 50. f4 a4 51. g4 a3 52. gxh5 gxh5 53. f5 exf5+ 54. Kxf5 a2 55. Kg5 a1=Q 0-1


[Site "https://www.chess.com"]

[Event "Titled Tuesday Blitz July 18 Early 2023"]
[White "Magallanes, Rey Jomar"]
[Black "Merino Garcia, Rafael II"]
[WhiteFideId "5205948"]
[BlackFideId "2209128"]
[WhiteElo "2253"]
[BlackElo "2372"]
[Result "1-0"]
[Round "8"]
[TimeControl "180+2"]
[Date "2023.07.18"]
[WhiteClock "0:02:47"]
[BlackClock "0:01:54"]
[Board "165"]

1. e4 d6 2. d4 Nd7 3. Nf3 g6 4. Nc3 Bg7 5. Bd3 e6 6. Be3 Ne7 7. O-O a6 8. Nd2 b5 9. a3 Bb7 10. f4 Nc6 11. e5 Ne7 12. Nce4 d5 13. Ng5 h6 14. Ngf3 Nf5 15. Bxf5 h5 16. Bd3 1-0


[Site "https://www.chess.com"]

[Event "Titled Tuesday Blitz July 18 Early 2023"]
[White "Martin, Lewis"]
[Black "Ishowmoves57"]
[WhiteFideId "410551"]
[WhiteElo "2279"]
[BlackElo "2126"]
[Result "0-1"]
[Round "8"]
[TimeControl "180+2"]
[Date "2023.07.18"]
[WhiteClock "0:01:36"]
[BlackClock "0:00:34"]
[Board "166"]

1. e4 c5 2. Nf3 Nc6 3. d4 cxd4 4. Nxd4 e5 5. Nb5 d6 6. N1c3 a6 7. Na3 b5 8. Nd5 Be7 9. c3 Nf6 10. Nxf6+ Bxf6 11. g3 O-O 12. Bg2 Bb7 13. O-O Ne7 14. Nc2 d5 15. exd5 Bxd5 16. Ne3 Bxg2 17. Kxg2 Qc7 18. Qc2 Rfd8 19. a4 Nd5 20. axb5 Nxe3+ 21. Bxe3 axb5 22. Rxa8 Rxa8 23. Qe4 Rc8 24. Rd1 Qc4 25. Qf5 Qc6+ 26. f3 g6 27. Qd3 Re8 28. Bh6 e4 29. fxe4 Rxe4 30. Qd5 Re2+ 31. Kf3 Qxd5+ 32. Rxd5 Rxh2 33. Rxb5 Rxh6 34. Rb7 Rh2 35. Ke4 h5 36. Kd3 Rg2 0-1


[Site "https://www.chess.com"]

[Event "Titled Tuesday Blitz July 18 Early 2023"]
[White "Cardozo Munar, Carlos Eduardo"]
[Black "Castillo Pena, Patricia Evarista"]
[WhiteFideId "4409477"]
[BlackFideId "6412106"]
[WhiteElo "2270"]
[BlackElo "1850"]
[Result "0-1"]
[Round "8"]
[TimeControl "180+2"]
[Date "2023.07.18"]
[WhiteClock "0:00:04"]
[BlackClock "0:00:53"]
[Board "167"]

1. d4 d5 2. c3 c6 3. Nf3 Nf6 4. Bg5 e6 5. Nbd2 Be7 6. e3 h6 7. Bh4 Nbd7 8. Bd3 b6 9. O-O Bb7 10. Re1 c5 11. e4 dxe4 12. Nxe4 Nxe4 13. Bxe7 Qxe7 14. Bxe4 Bxe4 15. Rxe4 cxd4 16. cxd4 O-O 17. d5 Nf6 18. d6 Qd7 19. Rd4 Rfd8 20. Rc1 Nd5 21. Qe2 Qxd6 22. Ne5 Rac8 23. Rcd1 Qe7 24. Qf3 Rc2 25. g3 Rdc8 26. Qh1 Qf6 27. Nf3 Rxb2 28. a4 Rcc2 29. Qg2 Ne3 30. Rd8+ Kh7 31. Qh3 Qxf3 32. R8d3 Qxf2+ 33. Kh1 Qxh2+ 34. Qxh2 Rxh2+ 35. Kg1 Rbg2# 0-1


[Site "https://www.chess.com"]

[Event "Titled Tuesday Blitz July 18 Early 2023"]
[White "Stork, Oliver"]
[Black "Kiseljova, Marya"]
[WhiteFideId "12955728"]
[BlackFideId "4155009"]
[WhiteElo "2425"]
[BlackElo "2142"]
[Result "1-0"]
[Round "8"]
[TimeControl "180+2"]
[Date "2023.07.18"]
[WhiteClock "0:00:25"]
[BlackClock "0:00:05"]
[Board "168"]

1. e4 c5 2. a3 Nc6 3. b4 cxb4 4. axb4 d6 5. b5 Ne5 6. d4 Nd7 7. c4 Ngf6 8. Nc3 g6 9. Nf3 Bg7 10. Bd3 O-O 11. O-O b6 12. h3 Bb7 13. Be3 Qc7 14. Qb3 Rfc8 15. Rfc1 Nf8 16. Ng5 e6 17. Na4 h6 18. Nf3 Nxe4 19. Rab1 Nf6 20. c5 dxc5 21. dxc5 bxc5 22. Nxc5 Bxf3 23. gxf3 Qe5 24. f4 Qd5 25. Qa3 Nh5 26. Be4 Qd8 27. Bxa8 Rxa8 28. Rd1 Qh4 29. b6 Nxf4 30. Bxf4 Qxf4 31. b7 Rb8 32. Na6 Qg5+ 33. Qg3 Be5 34. Qxg5 hxg5 35. Nxb8 Bxb8 36. Rd8 Bc7 37. b8=Q Bxb8 38. Rbxb8 1-0


[Site "https://www.chess.com"]

[Event "Titled Tuesday Blitz July 18 Early 2023"]
[White "ArchibaldCerveza29"]
[Black "Guevara Sanchez, Erick Marvin"]
[BlackFideId "6700136"]
[WhiteElo "2454"]
[BlackElo "2114"]
[Result "0-1"]
[Round "8"]
[TimeControl "180+2"]
[Date "2023.07.18"]
[WhiteClock "0:00:00"]
[BlackClock "0:00:34"]
[Board "169"]

1. d4 Nf6 2. c4 e6 3. Nf3 Bb4+ 4. Bd2 Qe7 5. a3 Bxd2+ 6. Nbxd2 c5 7. e3 cxd4 8. exd4 d5 9. Rc1 O-O 10. Bd3 dxc4 11. Nxc4 Nc6 12. O-O Bd7 13. Nce5 Nd5 14. Qc2 h6 15. Rfd1 Nf4 16. Bf1 Nxe5 17. Nxe5 Rac8 18. Qd2 Nd5 19. Rxc8 Rxc8 20. Rc1 Rxc1 21. Qxc1 a6 22. Bd3 Qd6 23. Bb1 Bc6 24. Qc2 Nf6 25. Nxc6 bxc6 26. Qd2 c5 27. b3 cxd4 28. Qc1 g5 29. Qc8+ Kg7 30. Qc4 Qd5 31. Qxa6 Qxb3 32. Qd3 Qxd3 33. Bxd3 Nd5 34. a4 Nb4 35. a5 Nc6 36. a6 Na7 37. f3 Kf6 38. Kf2 Ke5 39. Kg3 f5 40. h4 Kd5 41. hxg5 hxg5 42. f4 gxf4+ 43. Kxf4 Nc6 0-1


[Site "https://www.chess.com"]

[Event "Titled Tuesday Blitz July 18 Early 2023"]
[White "Horokoskii"]
[Black "Clawitter, Craig"]
[BlackFideId "2023105"]
[WhiteElo "2113"]
[BlackElo "2276"]
[Result "1-0"]
[Round "8"]
[TimeControl "180+2"]
[Date "2023.07.18"]
[WhiteClock "0:00:43"]
[BlackClock "0:00:14"]
[Board "170"]

1. d4 e6 2. c4 Nf6 3. Nc3 d5 4. cxd5 exd5 5. Bg5 c6 6. e3 Be7 7. Qc2 Nbd7 8. Bd3 O-O 9. Nf3 Re8 10. O-O Nf8 11. Rab1 a5 12. a3 g6 13. b4 Ne6 14. Bh4 Ng7 15. Bxf6 Bxf6 16. b5 Bf5 17. bxc6 bxc6 18. Na4 Bxd3 19. Qxd3 Nf5 20. Rfc1 Rc8 21. Rb2 Nd6 22. Nd2 Be7 23. Rbc2 Nb5 24. Rxc6 Rxc6 25. Rxc6 Nxa3 26. Nc5 Qa8 27. Ra6 Qc8 28. Rxa5 Nc4 29. Nxc4 dxc4 30. Qxc4 Qc7 31. Ra1 Bxc5 32. Qxc5 Qxc5 33. dxc5 Rc8 34. Rc1 Kf8 35. g3 Ke7 36. Kg2 Ke6 37. Kf3 Kd5 38. Kf4 f6 39. Rd1+ Kc6 40. Rd6+ Kxc5 41. Rxf6 Ra8 42. Rf7 Ra2 43. Kf3 h5 44. Rf6 h4 45. Rxg6 hxg3 46. fxg3 1-0


[Site "https://www.chess.com"]

[Event "Titled Tuesday Blitz July 18 Early 2023"]
[White "Goughfather"]
[Black "Torres Hernandez, Leslie Carolin"]
[BlackFideId "8400504"]
[WhiteElo "2006"]
[BlackElo "2267"]
[Result "0-1"]
[Round "8"]
[TimeControl "180+2"]
[Date "2023.07.18"]
[WhiteClock "0:00:00"]
[BlackClock "0:00:50"]
[Board "171"]

1. d4 Nf6 2. Nc3 d5 3. Bf4 c6 4. e3 Bf5 5. Nf3 e6 6. Ne5 Nbd7 7. g4 Bg6 8. h4 h5 9. Nxg6 fxg6 10. g5 Ng8 11. Bd3 Ne7 12. Qf3 Qa5 13. O-O Nf5 14. Qh3 Be7 15. a3 O-O 16. b4 Qd8 17. Na4 b6 18. Qh2 Kh7 19. c3 Rf7 20. f3 Qf8 21. e4 Nxd4 22. cxd4 Rxf4 23. Qg3 Bd6 24. e5 Be7 25. Qf2 Qf7 26. Nc3 Rf8 27. Be2 c5 28. dxc5 bxc5 29. Kg2 cxb4 30. axb4 Nxe5 31. Bd1 Bxb4 32. Rc1 Nd3 0-1


[Site "https://www.chess.com"]

[Event "Titled Tuesday Blitz July 18 Early 2023"]
[White "abelmat"]
[Black "Quirke, Jeffrey"]
[BlackFideId "2013029"]
[WhiteElo "1963"]
[BlackElo "2224"]
[Result "0-1"]
[Round "8"]
[TimeControl "180+2"]
[Date "2023.07.18"]
[WhiteClock "0:00:00"]
[BlackClock "0:00:05"]
[Board "172"]

1. d4 e6 2. c4 f5 3. Nf3 Nf6 4. Nc3 Bb4 5. e3 O-O 6. Bd3 b6 7. Bd2 Bb7 8. O-O Bxc3 9. Bxc3 Ne4 10. Rc1 d6 11. Nd2 Nxc3 12. Rxc3 Nd7 13. e4 f4 14. Bb1 e5 15. d5 a5 16. a3 a4 17. Bd3 Nc5 18. Be2 Bc8 19. Bg4 Qe8 20. Bxc8 Rxc8 21. Rh3 Qg6 22. b4 axb3 23. f3 Ra8 24. Nxb3 Rxa3 25. Nxc5 bxc5 26. Qb1 Ra7 27. Rh4 Rfa8 28. Rg4 Qe8 29. Qe1 Ra2 30. Qh4 Rc2 31. Qg5 Qf8 32. h4 Rxc4 33. h5 Rb4 34. h6 g6 35. Qh4 Rb2 36. Qh3 Qf7 37. Rg5 c4 38. Rc1 Rb4 39. Qg4 Rd8 40. Qh4 Qd7 41. Qf2 Qb5 42. Qh4 Qd7 43. Qf2 Qe7 0-1


[Site "https://www.chess.com"]

[Event "Titled Tuesday Blitz July 18 Early 2023"]
[White "ivana_999"]
[Black "Lisjak, Zlatko"]
[BlackFideId "14502186"]
[WhiteElo "1943"]
[BlackElo "2152"]
[Result "0-1"]
[Round "8"]
[TimeControl "180+2"]
[Date "2023.07.18"]
[WhiteClock "0:00:29"]
[BlackClock "0:00:19"]
[Board "173"]

1. d4 d6 2. c4 e5 3. dxe5 dxe5 4. Qxd8+ Kxd8 5. Nf3 f6 6. Nc3 Be6 7. e4 Nd7 8. Be3 c6 9. O-O-O Nh6 10. h3 Nf7 11. Be2 Nd6 12. c5 Nc4 13. Bxc4 Bxc4 14. b4 a5 15. a3 Kc7 16. Nd2 Bf7 17. Kc2 Be7 18. Nb3 axb4 19. axb4 Ra3 20. Na5 b6 21. cxb6+ Nxb6 22. Bxb6+ Kxb6 23. Rd7 Bxb4 24. Rb7+ Kxa5 25. Ra7+ Kb6 26. Rxa3 Bxa3 27. Rb1+ Kc7 28. Ra1 Bc5 29. f3 Bd4 30. Ra3 Bxc3 31. Kxc3 Kb6 32. Ra1 Kc5 33. Ra5+ Kb6 34. Ra1 c5 35. Rb1+ Kc6 36. Ra1 Rd8 37. Ra7 Rd7 38. Ra6+ Kb5 39. Ra1 c4 40. Rb1+ Kc5 41. Ra1 Rd3+ 42. Kc2 Rd7 43. Ra5+ Kd4 44. Ra1 Be6 45. Rd1+ Ke3 46. Rxd7 Bxd7 47. Kc3 Kf2 48. Kxc4 Kxg2 49. Kd5 Kxf3 50. Kd6 Bxh3 51. Ke7 Kxe4 52. Kf7 f5 53. Kxg7 f4 54. Kxh7 f3 55. Kh6 f2 56. Kh7 f1=Q 57. Kh6 Qf6+ 58. Kh7 Bf5+ 59. Kg8 Qe6+ 60. Kg7 Kf4 61. Kf8 e4 62. Kg7 e3 63. Kf8 e2 64. Kg7 e1=Q 65. Kf8 Qb1 66. Kg7 Qg1+ 67. Kf8 Qgg8# 0-1


[Site "https://www.chess.com"]

[Event "Titled Tuesday Blitz July 18 Early 2023"]
[White "Johnson, Ben"]
[Black "Lohani, Sujana"]
[WhiteFideId "2010917"]
[BlackFideId "12311987"]
[WhiteElo "2116"]
[BlackElo "1942"]
[Result "1-0"]
[Round "8"]
[TimeControl "180+2"]
[Date "2023.07.18"]
[WhiteClock "0:01:35"]
[BlackClock "0:01:19"]
[Board "174"]

1. Nf3 c5 2. c4 Nc6 3. g3 e6 4. Bg2 d5 5. cxd5 exd5 6. d4 c4 7. O-O Nf6 8. b3 b5 9. a4 bxa4 10. bxc4 Be7 11. Ne5 Nxe5 12. dxe5 Ne4 13. cxd5 Nc5 14. d6 Bg5 15. Bxa8 O-O 16. Bd5 Bh3 17. Bg2 Bxg2 18. Kxg2 Re8 19. Bxg5 Qxg5 20. f4 Qf5 21. Nc3 f6 22. Qd5+ Ne6 23. d7 Rd8 24. Rxa4 Kh8 25. Rxa7 Qg4 26. Ra8 1-0


[Site "https://www.chess.com"]

[Event "Titled Tuesday Blitz July 18 Early 2023"]
[White "Hrescak, Ivana"]
[Black "Gyulamiryan-koryun"]
[WhiteFideId "14613441"]
[WhiteElo "2116"]
[BlackElo "1864"]
[Result "0-1"]
[Round "8"]
[TimeControl "180+2"]
[Date "2023.07.18"]
[WhiteClock "0:00:06"]
[BlackClock "0:00:57"]
[Board "175"]

1. e4 c5 2. Nf3 e6 3. g3 Nc6 4. Bg2 g6 5. O-O Bg7 6. c3 Nge7 7. d4 cxd4 8. cxd4 d5 9. e5 O-O 10. Bg5 h6 11. Bf4 Qb6 12. Qd2 Nf5 13. Rd1 Kh7 14. Bh3 Bd7 15. Bxf5 exf5 16. h4 Rac8 17. Nc3 Be6 18. a3 Na5 19. b4 Nb3 20. Qe3 Nxa1 21. Rxa1 Qc6 22. Rc1 Qd7 23. Kg2 Rc4 24. Rh1 h5 25. Ng5+ Kg8 26. Ne2 Rfc8 27. Rd1 Qa4 28. Rd3 a5 29. bxa5 Qxa5 30. Qf3 Qe1 31. Be3 Kf8 32. Nf4 Rc1 33. Bxc1 Rxc1 34. Ngxe6+ fxe6 35. Nxg6+ Kf7 36. Nh8+ Kg8 37. Qxh5 Qh1# 0-1


[Site "https://www.chess.com"]

[Event "Titled Tuesday Blitz July 18 Early 2023"]
[White "Winkels, Marcel"]
[Black "Saim, Mohamed Ilias"]
[WhiteFideId "1003887"]
[BlackFideId "7900465"]
[WhiteElo "2082"]
[BlackElo "1899"]
[Result "0-1"]
[Round "8"]
[TimeControl "180+2"]
[Date "2023.07.18"]
[WhiteClock "0:00:00"]
[BlackClock "0:00:46"]
[Board "177"]

1. e4 c6 2. d4 d5 3. e5 Bf5 4. c4 e6 5. cxd5 cxd5 6. Nc3 Nc6 7. g4 Bg6 8. h4 h5 9. Bg5 Qb6 10. Bb5 hxg4 11. Qxg4 Bh5 12. Qf4 Bb4 13. Bxc6+ bxc6 14. Qd2 c5 15. Be3 cxd4 16. Bxd4 Qa5 17. Nge2 Ne7 18. a3 Nf5 19. Kf1 Nxd4 20. Nxd4 Bxc3 21. bxc3 Rc8 22. Rg1 g6 23. Qf4 Qxc3 24. Qf6 Qxa1+ 25. Kg2 Qxd4 26. Qxh8+ Kd7 27. Kh2 Qxh4+ 28. Kg2 Bf3+ 29. Kxf3 Qxh8 0-1


[Site "https://www.chess.com"]

[Event "Titled Tuesday Blitz July 18 Early 2023"]
[White "Firouzja, Alireza"]
[Black "Nakamura, Hikaru"]
[WhiteFideId "12573981"]
[BlackFideId "2016192"]
[WhiteElo "3111"]
[BlackElo "3266"]
[Result "1/2-1/2"]
[Round "9"]
[TimeControl "180+2"]
[Date "2023.07.18"]
[WhiteClock "0:00:04"]
[BlackClock "0:00:08"]
[Board "1"]

1. d4 a6 2. e4 e6 3. Nf3 d5 4. Nc3 Nf6 5. Bd3 dxe4 6. Nxe4 Nbd7 7. Qe2 c5 8. dxc5 Nxe4 9. Bxe4 Nxc5 10. Bg5 Qc7 11. O-O-O Bd7 12. Rhe1 h6 13. Bd2 Rc8 14. Kb1 Be7 15. Bc3 Bf6 16. Bxf6 gxf6 17. Nd4 Qf4 18. Bf3 Kf8 19. g3 Qc7 20. Rd2 Kg7 21. Qe3 Rhd8 22. Red1 e5 23. Ne2 Be6 24. Nc3 Rxd2 25. Rxd2 Qa5 26. a3 Na4 27. Nxa4 Qxa4 28. Bxb7 Qb5 29. Bf3 a5 30. Qd3 Qc5 31. Bd5 Rd8 32. c4 Bg4 33. Ka2 Bh5 34. Qe3 Qc7 35. f4 Bg6 36. fxe5 fxe5 37. g4 f6 38. h4 Bf7 39. Qe4 a4 40. g5 fxg5 41. hxg5 h5 42. Qf3 Bxd5 43. cxd5 Qc4+ 44. Kb1 Rf8 45. Qc3 Rf1+ 46. Kc2 Qe4+ 47. Qd3 Qh1 48. Rd1 Qg2+ 49. Kb1 Rf2 50. Qc3 Qxg5 51. d6 Qf5+ 52. Ka1 Rf1 53. Qd2 Rxd1+ 54. Qxd1 Qd7 55. Qxh5 Qxd6 56. Qg4+ Kf6 57. Qxa4 Qd5 58. Qh4+ Kf5 59. a4 Qd1+ 60. Ka2 e4 61. Qh3+ Kf4 62. Qh6+ Kf5 63. Qf8+ Kg4 64. Qg7+ Kf3 65. Qf6+ Ke2 66. b3 e3 67. a5 Qd2+ 68. Qb2 Ke1 69. a6 Qa5+ 70. Qa3 Qd2+ 71. Kb1 e2 72. a7 Qd3+ 73. Ka2 Qd2+ 74. Ka1 Qd1+ 75. Ka2 Qd2+ 76. Qb2 Qa5+ 77. Qa3 Qd2+ 1/2-1/2


[Site "https://www.chess.com"]

[Event "Titled Tuesday Blitz July 18 Early 2023"]
[White "Dubov, Daniil"]
[Black "Kramnik, Vladimir"]
[WhiteFideId "24126055"]
[BlackFideId "4101588"]
[WhiteElo "3113"]
[BlackElo "2993"]
[Result "1-0"]
[Round "9"]
[TimeControl "180+2"]
[Date "2023.07.18"]
[WhiteClock "0:00:03"]
[BlackClock "0:00:00"]
[Board "2"]

1. c4 e6 2. g3 d5 3. Bg2 Nf6 4. Nf3 Be7 5. d4 O-O 6. O-O dxc4 7. Qc2 a6 8. a4 b6 9. Bg5 Bb7 10. Rd1 Nbd7 11. Nbd2 b5 12. b3 cxb3 13. Nxb3 Be4 14. Qc1 Bd5 15. Qc2 Be4 16. Qc1 bxa4 17. Rxa4 Qb8 18. Nbd2 Bb7 19. Rc4 Rc8 20. Qc2 Bd5 21. Rc3 Bb4 22. Rb1 a5 23. e4 Bb7 24. d5 exd5 25. e5 Ne4 26. Nxe4 dxe4 27. Nd4 Nxe5 28. Nf5 e3 29. Rxe3 Bxg2 30. Kxg2 Qb7+ 31. f3 Qc6 32. Qe2 Ng6 33. h4 Qd5 34. Qc2 Re8 35. Rd1 Qb5 36. h5 Nf8 37. Rxe8 Rxe8 38. Be3 Re5 39. g4 f6 40. Qb3+ 1-0


[Site "https://www.chess.com"]

[Event "Titled Tuesday Blitz July 18 Early 2023"]
[White "Sarana, Alexey"]
[Black "Galperin, Platon"]
[WhiteFideId "24133795"]
[BlackFideId "14165414"]
[WhiteElo "3044"]
[BlackElo "2989"]
[Result "0-1"]
[Round "9"]
[TimeControl "180+2"]
[Date "2023.07.18"]
[WhiteClock "0:00:00"]
[BlackClock "0:00:19"]
[Board "3"]

1. d4 Nf6 2. c4 e6 3. Nc3 d5 4. cxd5 exd5 5. Bg5 Be7 6. e3 O-O 7. Bd3 h6 8. Bf4 c6 9. Nf3 Bd6 10. Bxd6 Qxd6 11. h3 Re8 12. Qc2 a5 13. O-O Na6 14. a3 Nc7 15. Rac1 Be6 16. Ne5 c5 17. a4 Rac8 18. f4 c4 19. Bf5 Na6 20. Bxe6 Qxe6 21. Qf2 Nb4 22. Rcd1 Ne4 23. Nxe4 dxe4 24. f5 Qf6 25. Qg3 Qg5 26. Qxg5 hxg5 27. Rc1 Nd3 28. Rxc4 Nxb2 29. Rxc8 Rxc8 30. Rb1 Rc2 31. d5 f6 32. d6 Kf8 33. Ng4 Ke8 34. Nf2 Kd7 35. Nxe4 Kc6 36. g4 b6 37. Ng3 Kxd6 38. Nh5 Nxa4 39. Nxg7 Nb2 40. h4 gxh4 41. g5 fxg5 42. f6 a4 43. Rf1 Rc8 44. f7 Rf8 45. Nf5+ Ke5 46. Ne7 Ke6 47. Nc6 Rxf7 48. Nd8+ Kd5 49. Rxf7 b5 50. Ra7 Kc4 51. Nc6 b4 52. e4 a3 53. e5 Kb5 54. e6 Na4 55. e7 a2 56. e8=Q a1=Q+ 57. Kf2 Qb2+ 58. Kf3 Qc3+ 59. Kf2 Qc2+ 0-1


[Site "https://www.chess.com"]

[Event "Titled Tuesday Blitz July 18 Early 2023"]
[White "Basso, Pier Luigi"]
[Black "Oparin, Grigoriy"]
[WhiteFideId "866970"]
[BlackFideId "24125890"]
[WhiteElo "2745"]
[BlackElo "2997"]
[Result "1-0"]
[Round "9"]
[TimeControl "180+2"]
[Date "2023.07.18"]
[WhiteClock "0:00:20"]
[BlackClock "0:00:08"]
[Board "4"]

1. e4 c5 2. c3 d5 3. exd5 Qxd5 4. d4 Nf6 5. Nf3 e6 6. Na3 a6 7. Nc4 Nbd7 8. Be2 b5 9. Ne3 Qc6 10. a4 Bb7 11. O-O Be7 12. axb5 axb5 13. Rxa8+ Bxa8 14. dxc5 Qxc5 15. Nc2 O-O 16. Be3 Qc7 17. Nfd4 Ne5 18. Nxb5 Qb7 19. f3 Rd8 20. Qa1 Neg4 21. Qa7 Nxe3 22. Qxe3 Nd5 23. Qc1 Qb8 24. Rd1 h5 25. Bf1 h4 26. c4 Nf4 27. Rxd8+ Bxd8 28. Qe3 h3 29. g3 Bb6 30. c5 Nd5 31. Qf2 Bd8 32. Nca3 Be7 33. Bxh3 Qc8 34. Nd6 Qc6 35. Nac4 Qa4 36. Bf1 Bc6 37. Ne5 f6 38. Nxc6 Qxc6 39. Bb5 Qc7 40. Qd4 Bxd6 41. cxd6 Qc1+ 42. Bf1 Qxb2 43. Qxb2 1-0


[Site "https://www.chess.com"]

[Event "Titled Tuesday Blitz July 18 Early 2023"]
[White "Carlsen, Magnus"]
[Black "Antipov, Mikhail Al."]
[WhiteFideId "1503014"]
[BlackFideId "4107012"]
[WhiteElo "3272"]
[BlackElo "2923"]
[Result "1-0"]
[Round "9"]
[TimeControl "180+2"]
[Date "2023.07.18"]
[WhiteClock "0:00:44"]
[BlackClock "0:00:16"]
[Board "5"]

1. e4 e5 2. f4 d5 3. Nf3 exf4 4. exd5 Nf6 5. Bb5+ c6 6. dxc6 Nxc6 7. Nc3 Bd6 8. Qe2+ Be6 9. Bxc6+ bxc6 10. Nd4 O-O 11. Nxe6 fxe6 12. b3 Nd5 13. Bb2 Qh4+ 14. Qf2 Qxf2+ 15. Kxf2 f3 16. gxf3 Bc5+ 17. Ke2 Nf4+ 18. Kd1 Bd4 19. Na4 Rad8 20. Rf1 Ng2 21. Bxd4 Rxd4 22. Rf2 Ne3+ 23. Kc1 Ng4 24. Re2 Rxf3 25. Kb2 Rf2 26. Rxf2 Nxf2 27. Re1 Rxd2 28. Rxe6 h5 29. Rxc6 Nd3+ 30. Ka3 Ne1 31. c4 Rxh2 32. Nc3 h4 33. Re6 Nf3 34. c5 h3 35. c6 Rc2 36. Re3 Rxc3 37. Rxc3 Nd4 38. Rxh3 1-0


[Site "https://www.chess.com"]

[Event "Titled Tuesday Blitz July 18 Early 2023"]
[White "Theodorou, Nikolas"]
[Black "He, Anthony"]
[WhiteFideId "4262875"]
[BlackFideId "2088215"]
[WhiteElo "3082"]
[BlackElo "2966"]
[Result "0-1"]
[Round "9"]
[TimeControl "180+2"]
[Date "2023.07.18"]
[WhiteClock "0:00:00"]
[BlackClock "0:00:23"]
[Board "6"]

1. Nf3 Nf6 2. b3 g6 3. Bb2 Bg7 4. g3 d6 5. d4 c5 6. dxc5 Qa5+ 7. Nbd2 Qxc5 8. Bd4 Qa5 9. Bg2 Nc6 10. Bb2 O-O 11. O-O Bf5 12. c4 Rfd8 13. a3 d5 14. b4 Qc7 15. c5 a6 16. Qb3 e5 17. Rac1 Be6 18. Ng5 Bg4 19. Rfe1 h6 20. h3 Bxe2 21. Rxe2 hxg5 22. Nf3 Ne4 23. Rd1 Ne7 24. Rxe4 dxe4 25. Rxd8+ Rxd8 26. Nxg5 Nc6 27. Bxe4 Bf6 28. Nf3 Qd7 29. Kg2 Nd4 30. Bxd4 exd4 31. Bxg6 d3 32. Be4 d2 33. Qd1 Kg7 34. a4 Qe7 35. Bc2 Bc3 36. Nh4 Qg5 37. Qf3 Qd5 38. Nf5+ Kf6 39. Qxd5 Rxd5 40. Ne3 Rd8 41. b5 Bd4 42. bxa6 bxa6 43. Ng4+ Ke6 44. c6 Kd6 45. Nh6 Kxc6 46. Nxf7 Rf8 0-1


[Site "https://www.chess.com"]

[Event "Titled Tuesday Blitz July 18 Early 2023"]
[White "Tasdogen, Dincer"]
[Black "Martinez Alcantara, Jose Eduardo"]
[WhiteFideId "6367097"]
[BlackFideId "3805662"]
[WhiteElo "2948"]
[BlackElo "3031"]
[Result "0-1"]
[Round "9"]
[TimeControl "180+2"]
[Date "2023.07.18"]
[WhiteClock "0:00:02"]
[BlackClock "0:00:13"]
[Board "7"]

1. Nf3 c5 2. g3 Nc6 3. Bg2 g6 4. O-O Bg7 5. d3 d6 6. c4 e6 7. Nc3 Nge7 8. Rb1 O-O 9. a3 b6 10. Bd2 Bb7 11. b4 h6 12. Qc1 Kh7 13. bxc5 dxc5 14. Ne4 Rb8 15. Bc3 e5 16. Ned2 Qd7 17. Re1 Nf5 18. a4 Nfd4 19. a5 bxa5 20. Ne4 Qe7 21. Bb2 Nb4 22. Ba3 Bxe4 23. dxe4 Rfd8 24. Qc3 Rb6 25. Bb2 Nbc2 26. Nxd4 Nxe1 27. Nb5 Nxg2 28. Kxg2 a4 29. Qc2 Rdb8 30. Nc3 Qe6 31. Nxa4 Rb4 32. Nxc5 Qxc4 33. Qxc4 Rxc4 34. Nd3 Rxe4 35. Re1 Rb5 36. Bc3 Rc4 37. Bd2 e4 38. Nf4 a5 39. f3 a4 40. fxe4 Rxe4 41. Rc1 a3 42. Rc7 a2 0-1


[Site "https://www.chess.com"]

[Event "Titled Tuesday Blitz July 18 Early 2023"]
[White "Movahed, Sina"]
[Black "Zemlyanskii, Ivan"]
[WhiteFideId "42520835"]
[BlackFideId "24249971"]
[WhiteElo "3000"]
[BlackElo "2896"]
[Result "1/2-1/2"]
[Round "9"]
[TimeControl "180+2"]
[Date "2023.07.18"]
[WhiteClock "0:00:07"]
[BlackClock "0:00:04"]
[Board "8"]

1. e4 c5 2. Nf3 d6 3. d4 cxd4 4. Nxd4 Nf6 5. Nc3 a6 6. Bg5 Nbd7 7. Bc4 Qb6 8. Bb3 e6 9. Bxf6 Nxf6 10. Qd2 Nd7 11. O-O-O Nc5 12. f4 Be7 13. f5 O-O 14. g4 Bf6 15. Kb1 Bd7 16. g5 Be5 17. h4 Rac8 18. h5 Nxb3 19. Nxb3 Rxc3 20. bxc3 exf5 21. g6 f4 22. Rhg1 fxg6 23. hxg6 h6 24. Rg5 Be6 25. Rh5 f3 26. Rxh6 gxh6 27. Qxh6 Qc7 28. g7 Qxg7 29. Qxe6+ Rf7 30. Qc8+ Rf8 31. Qe6+ Qf7 32. Rg1+ Bg7 33. Qxf7+ Rxf7 34. Nd4 f2 35. Rf1 Rf4 36. Kc1 b5 37. Kd2 Rxe4 38. Rxf2 Bxd4 39. cxd4 Rxd4+ 40. Kc3 Rc4+ 41. Kb3 Kg7 42. Rd2 Rc6 43. Rf2 Rc5 44. c3 d5 45. Rf5 Kg6 46. Rf8 Kg7 47. Ra8 Rc6 48. Rd8 Rc5 49. Rd7+ Kf6 50. Rd6+ Ke5 51. Rxa6 d4 52. cxd4+ Kxd4 53. Kb4 Kd5 54. Ra8 Rc2 55. a3 Rb2+ 56. Ka5 Kc4 57. Rb8 Ra2 58. Rxb5 Rxa3+ 59. Kb6 Rb3 60. Rxb3 Kxb3 1/2-1/2


[Site "https://www.chess.com"]